 Dungeon Crawl Stone Soup version 0.29.1-12-g30fa7ad0bf (webtiles) character file.

Game seed: 16711794339061465327

44 mortz the Trooper (level 3, -3/33 HPs)
             Began as a Hill Orc Abyssal Knight on Jan 1, 2023.
             Was a Believer of Lugonu.
             Slain by Terence
             ... wielding a +0 mace
              (5 damage)
             ... on level 2 of the Dungeon.
             The game lasted 00:07:14 (1505 turns).

mortz the Trooper (Hill Orc Abyssal Knight)         Turns: 1505, Time: 00:07:15

Health: -3/33      AC:  8    Str: 17    XL:     3   Next: 62%
Magic:  4/5        EV:  7    Int: 10    God:    Lugonu [**....]
Gold:   65         SH:  0    Dex: 11    Spells: 2/2 levels left

rFire   . . .      SeeInvis .   a - +1 hand axe
rCold   . . .      Faith    .   (no shield)
rNeg    . . .      Spirit   .   h - +0 chain mail
rPois   .          Reflect  .   (no helmet)
rElec   .          Harm     .   (no cloak)
rCorr   .          Rampage  .   (no gloves)
Will    .....                   (no boots)
Stlth   ..........              (no amulet)
HPRegen 0.11/turn               (no ring)
MPRegen 0.09/turn               (no ring)

@: no status effects
A: no striking features
a: Renounce Religion, Depart the Abyss, Bend Space


You were on level 2 of the Dungeon.
You worshipped Lugonu.
Lugonu was pleased with you.
You visited 1 branch of the dungeon, and saw 2 of its levels.
You visited the Abyss 1 time.

You collected 65 gold pieces.

Inventory:

Hand Weapons
 a - a +1 hand axe (weapon)
Missiles
 f - 7 stones (quivered)
 g - a poisoned dart
Armour
 h - a +0 chain mail (worn)
Scrolls
 b - 2 scrolls of teleportation {unknown}
 c - a scroll of vulnerability {unknown}
 d - a scroll of identify {unknown}
 j - a scroll of poison {unknown}
 k - a scroll of immolation
Potions
 e - 2 potions of brilliance {unknown}
 i - a potion of curing {unknown}


   Skills:
 + Level 4.1 Fighting
 * Level 4.1 Axes
 - Level 2.1 Armour
 - Level 0.7 Dodging
 + Level 3.2 Invocations


You had 2 spell levels left.
You didn't know any spells.
Your spell library contained the following spells:

 Spells                   Type           Power      Damage    Failure   Level
 Ensorcelled Hibernation  Hex/Ice        0%         N/A       100%        2
 Olgreb's Toxic Radiance  Pois           0%         N/A       100%        4
 Simulacrum               Ice/Necr       0%         N/A       100%        6


Dungeon Overview and Level Annotations

Branches:
Dungeon (2/15) Zot: 10476

Altars:

Annotations:
D:2 Terence


Message History

Terence is heavily wounded.
Terence hits you with a +0 mace.
You slash Terence!
Terence is almost dead.
Terence hits you with a +0 mace.
You hit Terence but do no damage.
Terence is severely wounded.
You barely miss Terence.
Terence is severely wounded.
Terence hits you with a +0 mace.
You hit Terence but do no damage.
Terence is severely wounded.
Terence hits you with a +0 mace.
You barely miss Terence.
Terence is severely wounded.
Terence hits you with a +0 mace. x2
Space bends violently around you!
You blink.
You are too injured to fight recklessly!
Throw: 3 darts (poison)
Press: ? - help, Shift-Dir - straight line, f - Terence
Aim: Terence, wielding a +0 mace and wearing a +0 scale mail (severely wounded, 61% to hit)
You throw a poisoned dart.
The poisoned dart barely misses Terence.
Throw: 2 darts (poison)
Press: ? - help, Shift-Dir - straight line, f/p - Terence
Aim: Terence, wielding a +0 mace and wearing a +0 scale mail (severely wounded, 61% to hit)
You throw a poisoned dart.
The poisoned dart barely misses Terence.
You barely miss Terence.
Terence is severely wounded.
Terence hits you with a +0 mace.
* * * LOW HITPOINT WARNING * * *
Space bends violently around you!
You blink.
You don't know any spells.
Unknown command.
You don't have enough health at the moment.
Found an escape hatch in the floor.
Terence attacks as you move away! Terence closely misses you.
Terence attacks as you move away! Terence hits you with a +0 mace.
You die...

.... #########....
#.......>...
##########.........#
#..................#
###..................###
..).....................
..#.............@....#
..#.............@....#
..##########.........#
..# ##.........### ..#
#...$.........# ..#
#...#.###.....# ..#
#......##.....# ..####
#.##...#.....!### #....#
#..#.....#......#


You could see Terence.

Vanquished Creatures
  3 bats (D:1)
  6 endoplasms
  A giant cockroach (D:2)
  5 goblins
  3 hobgoblins
  10 jackals (D:1)
  2 quokkas (D:1)
  2 ball pythons
  A frilled lizard (D:1)
  2 kobolds (D:1)
35 creatures vanquished.

Notes
Turn   | Place    | Note
-------+----------+-------------------------------------------
     0 | Abyss:1  | mortz the Hill Orc Abyssal Knight began the quest for the
                  | Orb.
     0 | Abyss:1  | Reached XP level 1. HP: 19/19 MP: 2/2
     1 | D:1      | Escaped the Abyss
    46 | D:1      | Reached XP level 2. HP: 13/27 MP: 4/4
   535 | D:1      | Reached XP level 3. HP: 33/33 MP: 5/5
   541 | D:1      | Got Baeguruu's Grimoire of Virulent Congelation
  1472 | D:2      | Found a faded altar of an unknown god.
  1477 | D:2      | Noticed Terence
  1505 | D:2      | Slain by Terence

Illustrated notes

Levels and vault maps discovered:
D:1:      spicycebolla_green_bress_n_ham_2, layout_basic
D:2:      minmay_angry_zag, layout_basic, hellmonk_ecumenical_altar_blasted,
          uniq_terence, uniq_natasha

Skill      XL: |  1  2  3 |
---------------+----------+-----
Axes           | 3 4 |  4.1
Fighting       | 4 |  4.1
Invocations    | 3 |  3.2
Armour         | |  2.1
Dodging        | |  0.7

Action                   || total
-------------------------++-------
Melee: Hand axe          ||   130
Throw: Dart              ||     2
       Stone             ||     1
Invok: Bend Space        ||     2
Armor: Leather armour    ||    21
       Scale mail        ||     4
       Chain mail        ||    25
Dodge: Dodged            ||    63
